Map: Sang chaud EC

Players

fatkneegrows - Winner!

  • Race: Terran Terran
  • League: Gold
  • Spawn Location: 5:00

zidar

  • Race: Zerg Zerg
  • League: Gold
  • Spawn Location: 11:00

VOD

Have the link to the VOD?

Description

Time

  • Played on: June 27, 2017, 11:16 a.m.
  • Length: 15:06
Show
View Real Time Build Order
Export as new Build Order

fatkneegrows Terran - Winner!

Build Orders: Command Center First (CC) 

Get SALT Encoding   

  12  0:00  Unknown  
  12  0:01  SCV  
  13  0:13  SCV  
  14  0:18  Supply Depot  
  14  0:25  SCV  
  15  0:40  SCV  
  16  0:52  SCV  
  17  1:02  Command Center  
  17  1:05  SCV  
  18  1:17  SCV  
  19  1:30  SCV  
  20  1:40  Command Center  
  20  1:44  SCV  
  21  1:48  Refinery  
  21  1:54  Refinery  
  21  1:57  SCV  
  22  2:07  Engineering Bay  
  22  2:09  SCV  
  22  2:15  SCV  
  24  2:25  SCV  
  25  2:31  SCV  
  26  2:38  SCV  
  26  2:43  SCV  
  28  2:53  SCV  
  28  2:55  SCV  
  28  2:56  Planetary Fortress  
  30  3:08  SCV  
  30  3:10  Planetary Fortress  
  31  3:24  SCV  
  29  3:35  SCV  
  29  3:36  SCV  
  31  3:43  Engineering Bay  
  31  3:47  SCV  
  31  3:48  SCV x2  
  34  3:55  Engineering Bay  
  34  3:59  SCV  
  34  4:00  SCV  
  34  4:01  Planetary Fortress  
  36  4:11  SCV  
  36  4:12  SCV  
  38  4:23  SCV  
  39  4:24  SCV  
  39  4:25  Command Center  
  39  4:26  Refinery  
  39  4:31  Refinery  
  40  4:35  SCV  
  40  4:36  SCV  
  40  4:38  SCV  
  43  4:42  Neosteel Armor  
  43  4:44  Refinery  
  43  4:48  SCV x2  
  43  4:50  SCV  
  46  5:00  Hi-Sec Auto Tracking, SCV x2  
  46  5:02  SCV  
  49  5:08  Barracks  
  49  5:12  SCV x2  
  52  5:14  Command Center, SCV  
  52  5:20  Command Center  
  52  5:24  SCV  
  53  5:31  SCV  
  53  5:33  Command Center  
  53  5:45  Supply Depot  
  53  5:46  Supply Depot  
  53  5:57  Factory  
  53  6:07  SCV x3  
  53  6:09  Command Center  
  56  6:19  SCV x2  
  56  6:22  SCV  
  59  6:25  Supply Depot  
  59  6:31  SCV x2  
  61  6:34  SCV  
  62  6:41  Command Center  
  62  6:43  SCV x2  
  62  6:46  SCV  
  65  6:50  Starport  
  65  6:51  Command Center, Starport  
  65  6:55  SCV  
  65  6:57  Starport  
  66  7:02  SCV x2, Starport x2  
  66  7:05  Starport  
  66  7:06  Starport  
  66  7:07  SCV  
  69  7:10  Armory  
  69  7:11  SCV  
  69  7:14  SCV x2  
  72  7:20  SCV  
  72  7:21  Planetary Fortress  
  73  7:23  SCV  
  73  7:24  Refinery  
  73  7:29  Starport Tech Lab  
  74  7:30  Starport Tech Lab  
  73  7:38  Command Center, Starport Tech Lab x3  
  73  7:42  Starport Tech Lab x2  
  73  7:43  Planetary Fortress  
  73  7:51  Missile Turret  
  73  7:53  Missile Turret x2  
  73  7:55  Refinery  
  73  7:56  Missile Turret  
  73  7:57  Refinery  
  73  8:00  Raven x5  
  73  8:04  Raven  
  84  8:06  SCV  
  84  8:08  SCV x2  
  83  8:18  SCV  
  81  8:21  Raven  
  81  8:22  SCV  
  81  8:23  Missile Turret, SCV  
  81  8:24  SCV  
  81  8:25  SCV  
  87  8:30  SCV  
  87  8:33  Planetary Fortress  
  88  8:35  SCV x2  
  88  8:36  SCV  
  88  8:37  SCV  
  88  8:38  Missile Turret  
  91  8:42  SCV  
  91  8:47  Raven, SCV x2  
  93  8:48  SCV  
  93  8:49  SCV  
  93  8:54  SCV  
  96  8:59  Missile Turret, SCV x2  
  96  9:00  SCV  
  96  9:01  Missile Turret, SCV  
  100  9:03  Missile Turret  
  100  9:04  Orbital Command  
  100  9:07  Raven x2, SCV  
  105  9:10  SCV  
  105  9:11  SCV x2  
  105  9:12  SCV  
  105  9:13  SCV  
  105  9:15  Missile Turret  
  110  9:18  Raven  
  110  9:19  SCV  
  110  9:22  Missile Turret, SCV  
  110  9:23  SCV x2  
  116  9:25  Refinery, SCV x2  
  116  9:27  Raven  
  116  9:30  SCV  
  116  9:31  SCV  
  122  9:34  SCV  
  122  9:35  SCV x2  
  122  9:36  Missile Turret x2  
  122  9:37  Raven, SCV  
  122  9:38  SCV  
  129  9:53  Raven  
  129  9:57  Raven  
  129  9:58  Refinery  
  134  10:00  SCV  
  134  10:03  Raven, Command Center  
  136  10:12  SCV  
  137  10:17  Supply Depot  
  137  10:19  Supply Depot  
  137  10:20  Supply Depot  
  137  10:21  Supply Depot  
  137  10:26  Corvid Reactor  
  137  10:27  Recalibrated Explosives  
  137  10:32  Terran Vehicle And Ship Armor Level 1  
  137  10:38  Raven  
  137  10:39  Raven  
  137  10:40  Command Center  
  141  10:43  Supply Depot  
  141  10:46  Supply Depot  
  141  10:49  Supply Depot  
  141  11:00  Raven x2  
  145  11:04  Raven  
  145  11:07  Raven  
  145  11:08  Supply Depot  
  149  11:12  Supply Depot  
  149  11:21  Raven  
  149  11:24  Raven  
  153  11:26  Command Center  
  153  11:31  Raven  
  155  11:35  Planetary Fortress  
  155  11:39  Refinery  
  155  11:42  Refinery  
  155  11:43  Missile Turret  
  155  11:44  Raven  
  155  11:45  Missile Turret  
  155  12:11  Raven x2  
  159  12:19  Raven  
  161  12:23  Raven  
  161  12:24  Raven  
  161  12:27  Raven  
  167  12:34  Raven  
  169  12:46  Missile Turret  
  169  12:53  Raven  
  169  12:54  Raven  
  173  12:59  Planetary Fortress  
  173  13:01  Raven  
  175  13:06  Refinery  
  175  13:07  Missile Turret  
  175  13:08  Refinery  
  175  13:09  Refinery, Raven  
  177  13:14  Planetary Fortress  
  177  13:30  Raven x2  
  177  13:31  Raven  
  183  13:38  Raven  
  185  13:41  Raven  
  185  13:44  Command Center  
  187  13:48  Raven  
  187  13:53  Raven  
  189  14:13  Raven x2  
  193  14:21  Raven x2  
Show
View Real Time Build Order
Export as new Build Order

zidar Zerg 

Build Orders: Hatch First 

Get SALT Encoding   

  12  0:00  Unknown  
  12  0:02  Drone  
  13  0:12  Overlord  
  13  0:18  Drone  
  14  0:30  Drone x2  
  16  0:52  Hatchery  
  16  0:54  Drone  
  16  0:58  Extractor  
  16  0:59  Drone  
  16  1:21  Spawning Pool  
  16  1:22  Drone  
  16  1:34  Drone x3  
  19  2:08  Metabolic Boost  
  19  2:10  Queen x2  
  19  2:14  Zergling x2  
  19  2:15  Zergling x2  
  25  2:17  Zergling x2  
  25  2:20  Zergling x2  
  27  2:31  Zergling x2  
  27  2:33  Overlord  
  28  3:01  Overlord  
  28  3:02  Zergling x2  
  28  3:03  Zergling x8  
  29  3:31  Zergling x18  
  33  3:58  Zergling x8  
  30  4:23  Drone x8  
  35  4:28  Lair  
  34  4:43  Drone x4  
  38  4:49  Extractor  
  38  4:51  Extractor  
  36  4:52  Extractor  
  35  5:21  Drone x7  
  36  5:22  Drone  
  43  5:41  Hatchery  
  42  5:49  Spire  
  41  5:55  Evolution Chamber  
  40  5:57  Queen, Evolution Chamber  
  41  6:14  Drone  
  41  6:15  Drone  
  41  6:18  Overlord x3  
  43  6:33  Overlord  
  43  6:34  Overlord x6, Infestation Pit  
  48  7:01  Drone x6  
  48  7:17  Zerg Ground Armor Level 1  
  48  7:19  Zerg Melee Weapons Level 1  
  48  7:22  Mutalisk x4  
  48  7:23  Mutalisk x2  
  48  7:26  Mutalisk  
  62  7:59  Mutalisk x4  
  66  8:24  Mutalisk  
  66  8:25  Mutalisk  
  65  8:58  Mutalisk x4  
  73  9:05  Drone x10  
  83  9:12  Extractor x2  
  81  9:19  Mutalisk x2  
  85  9:28  Zergling x6  
  85  9:29  Zergling x2  
  89  10:03  Mutalisk x6  
  101  10:23  Zerg Missile Weapons Level 1  
  101  10:26  Hydralisk Den  
  100  10:34  Zerg Ground Armor Level 2  
  65  10:59  Hydralisk  
  65  11:00  Hatchery, Hydralisk x8  
  75  11:16  Hydralisk  
  75  11:17  Hydralisk x3  
  83  11:44  Drone x11  
  45  12:25  Hive  
  45  12:53  Hatchery  
  36  12:58  Corruptor  
  36  12:59  Corruptor x3  
  36  13:00  Corruptor x3  
  36  13:01  Corruptor x3  
  56  13:34  Hydralisk x8  
  51  14:10  Hydralisk x4  
  59  14:34  Hatchery  
Tags
 
Add a new tag
Caveats
  • Supply blocks, unpowered buildings, or Contaminate may cause inaccurate times.
  • Supply counts are checked every 10 seconds.